 Dungeon Crawl Stone Soup version 0.29-a0-371-g91724d5b39 (webtiles) character file.

Game seed: 2634336706699112594

30 spaghetti the Transmogrifier (level 3, -4/22 HPs)
             Began as a Gnoll Wanderer on May 3, 2022.
             Was a Follower of Hepliaklqana.
             Slain by a gnoll
             ... wielding a +0 flail
              (11 damage)
             ... on level 2 of the Dungeon.
             The game lasted 00:02:32 (1394 turns).

spaghetti the Transmogrifier (Gnoll Wanderer)       Turns: 1394, Time: 00:02:33

Health: -4/22      AC:  3    Str: 11    XL:     3   Next: 18%
Magic:  13/16      EV: 13    Int: 14    God:    Hepliaklqana [*.....]
Gold:   90         SH:  0    Dex: 10    Spells: 5/7 levels left

rFire   . . .      SeeInvis .   a - +0 club {mace}
rCold   . . .      Faith    .   (no shield)
rNeg    . . .      Spirit   .   c - +0 robe
rPois   .          Reflect  .   (no helmet)
rElec   .          Harm     .   (no cloak)
rCorr   .          Rampage  .   d - +0 pair of gloves
Will    .....                   (no boots)
Stlth   +.........              (no amulet)
HPRegen 0.07/turn               g - ring of magical power
MPRegen 0.15/turn               (no ring)

@: no status effects
A: reduced essence, fangs 1, strong nose, distributed training
a: Renounce Religion, Recall Ancestor, Ancestor Identity


You were on level 2 of the Dungeon.
You worshipped Hepliaklqana.
Hepliaklqana was aware of your devotion.
You visited 1 branch of the dungeon, and saw 2 of its levels.

You collected 90 gold pieces.


Innate Abilities, Weirdness & Mutations

Your life essence is reduced to manifest your ancestor. (-10% HP)
You have very sharp teeth.
Your uncanny sense of smell can sniff out nearby items.
Your experience applies equally to all skills.


   Skills:
 + Level 0.6 Fighting
 + Level 0.6 Short Blades
 + Level 0.6 Long Blades
 + Level 0.6 Axes
 + Level 0.6 Maces & Flails
 + Level 0.6 Polearms
 + Level 0.6 Staves
 + Level 0.6 Slings
 + Level 0.6 Bows
 + Level 0.6 Crossbows
 + Level 0.6 Throwing
 + Level 0.6 Armour
 + Level 4.5 Dodging
 + Level 0.6 Stealth
 + Level 0.6 Shields
 + Level 0.6 Unarmed Combat
 + Level 2.8 Spellcasting
 + Level 0.4 Conjurations
 + Level 0.4 Hexes
 + Level 3.7 Summonings
 + Level 0.4 Necromancy
 + Level 0.4 Translocations
 + Level 8.7 Transmutations
 + Level 0.4 Fire Magic
 + Level 0.4 Ice Magic
 + Level 0.4 Air Magic
 + Level 0.4 Earth Magic
 + Level 0.4 Poison Magic
 + Level 0.8 Invocations
 + Level 0.6 Evocations


You had 5 spell levels left.
You knew the following spells:

 Your Spells              Type           Power      Damage    Failure   Level
a - Beastly Appendage     Tmut           52%        N/A       1%          1
b - Sting                 Tmut/Pois      56%        1d5       3%          1

Your spell library contained the following spells:

 Spells                   Type           Power      Damage    Failure   Level
 Summon Small Mammal      Summ           48%        N/A       4%          1
 Ignite Poison            Fire/Tmut/Pois 11%        N/A       17%         3
 Corpse Rot               Necr/Air       6%         N/A       26%         2
 Summon Guardian Golem    Hex/Summ       7%         N/A       28%         3
 Dispel Undead            Necr           3%         3d7       87%         4
 Death Channel            Necr           1%         N/A       100%        6

Inventory:

Hand Weapons
 a - a +0 club (weapon) {mace}
Missiles
 i - 16 stones (quivered) {throwing}
Armour
 c - a +0 robe (worn)
 d - a +0 pair of gloves (worn)
Jewellery
 g - a ring of magical power (left hand)
   (You found it on level 1 of the Dungeon)
Scrolls
 f - a scroll of identify {unknown}
 h - a scroll of teleportation {unknown}
Potions
 b - 2 potions of heal wounds {@q2}
 e - a potion of invisibility {unknown}

Dungeon Overview and Level Annotations

Branches:
Dungeon (2/15)

Altars:
Hepliaklqana

Shops:
D:2

[ ......... ### #.......#
#+#.#
#.......##########∩#.####
........'........###.....
#.......#########...#####
#.......#########...#####
........'................
#.......#########.#.####.
#.......@.....# #.#.# .
#.......gg....# #.#.#####
#......)R.....# #.#......
#..........J..# #.#######
#.####........# #.# #....
#. #........# #.# #.###
#..gg....# #.# #....
#........# #####
###....... #


You could see the friendly Anedjib the ancestor, 4 gnolls and an endoplasm.


Message History

Press: ? - help, Shift-Dir - straight line, f - hobgoblin
Aim: a hobgoblin (ally target, 71% to hit)
The sting hits the hobgoblin.
The hobgoblin is poisoned.
You kill the hobgoblin! 😎 MP[-1]
You lost 1 mp, and now have 15/16 mp.
Casting: Sting (safe; 3% risk of failure)
Confirm with . or Enter, or press ? or * to list all spells.
You can't see any susceptible monsters within range! (Use Z to cast anyway.)
Casting: Sting (safe; 3% risk of failure)
Confirm with . or Enter, or press ? or * to list all spells.
You can't see any susceptible monsters within range! (Use Z to cast anyway.)
You swap places.
Casting: Sting (safe; 3% risk of failure)
Confirm with . or Enter, or press ? or * to list all spells.
Aiming: Sting (safe; 3% risk of failure)
Press: ? - help, Shift-Dir - straight line, f - endoplasm
Aim: an endoplasm (ally target, 98% to hit)
The sting hits the endoplasm.
The endoplasm is poisoned.
The endoplasm barely misses Anedjib. 😎 MP[-1]
You lost 1 mp, and now have 14/16 mp.
Casting: Sting (safe; 3% risk of failure)
Confirm with . or Enter, or press ? or * to list all spells.
Aiming: Sting (safe; 3% risk of failure)
Press: ? - help, Shift-Dir - straight line, f/p - endoplasm
Aim: an endoplasm (lightly wounded, poisoned, ally target, 98% to hit)
Anedjib avoids your attack.
The sting hits the endoplasm but does no damage.
The endoplasm looks even sicker.
The endoplasm hits Anedjib.
Anedjib barely misses the endoplasm. 😎 MP[-1]
You lost 1 mp, and now have 13/16 mp.
Casting: Sting (safe; 3% risk of failure)
Confirm with . or Enter, or press ? or * to list all spells.
Aiming: Sting (safe; 3% risk of failure)
Press: ? - help, Shift-Dir - straight line, f/p - endoplasm
Aim: an endoplasm (severely wounded, very poisoned, ally target, 98% to hit)
Anedjib avoids your attack.
The sting hits the endoplasm.
The endoplasm partially resists.
You kill the endoplasm! 😎 MP[-1]
You lost 1 mp, and now have 12/16 mp.
You see here a hobgoblin corpse.
You now have 90 gold pieces (gained 11).
You swap places.
You open the door.
Key pressed, stopping explore.
There is an open door here.
Found Epuock's Armour Shoppe. 😎 MP[+4]
Your mp is fully restored (16).
You swap places.
Key pressed, stopping explore.
There is an open door here.
A gnoll comes into view. It is wielding a +0 flail. x2
An endoplasm comes into view.
Casting: Sting (safe; 3% risk of failure)
Confirm with . or Enter, or press ? or * to list all spells.
You can't see any susceptible monsters within range! (Use Z to cast anyway.) Unknown command.
Casting: Sting (safe; 3% risk of failure)
Confirm with . or Enter, or press ? or * to list all spells.
Aiming: Sting (safe; 3% risk of failure)
Press: ? - help, Shift-Dir - straight line, f - gnoll
Aim: a gnoll, wielding a +0 flail (ally target, 75% to hit)
The sting hits the gnoll.
The gnoll is poisoned. 😎 MP[-1]
You lost 1 mp, and now have 15/16 mp.
Casting: Sting (safe; 3% risk of failure)
Confirm with . or Enter, or press ? or * to list all spells.
Aiming: Sting (safe; 3% risk of failure)
Press: ? - help, Shift-Dir - straight line, f/p - gnoll
Aim: a gnoll, wielding a +0 flail (lightly wounded, poisoned, ally target, 75% to hit)
The sting hits the gnoll.
The gnoll looks even sicker.
The gnoll hits you with a +0 flail.
A gnoll comes into view. It is wielding a +0 spear.
A gnoll comes into view.
It is wielding a +0 flail. 😕 HP[-4] MP[-1]
You take 4 damage, and now have 18/22 hp.
You lost 1 mp, and now have 14/16 mp.
Casting: Sting (safe; 3% risk of failure)
Confirm with . or Enter, or press ? or * to list all spells.
Aiming: Sting (safe; 3% risk of failure)
Press: ? - help, Shift-Dir - straight line, f/p - gnoll
Aim: a gnoll, wielding a +0 flail (moderately wounded, very poisoned, ally target, 75% to hit)
The sting hits the gnoll.
The gnoll looks even sicker.
The gnoll hits you with a +0 flail!
Ouch! That really hurt!
* * * LOW HITPOINT WARNING * * *
Anedjib barely misses the gnoll.
The gnoll closely misses you. 😨 HP[-11] MP[-1]
You take 11 damage, and now have 7/22 hp.
MASSIVE DAMAGE!! (PAUSE)
You lost 1 mp, and now have 13/16 mp.
The gnoll attacks as you move away! The gnoll barely misses you.
Anedjib hits the gnoll but does no damage.
The gnoll attacks as you move away! The gnoll hits you with a +0 flail!
Ouch! That really hurt!
You die...

Action                   || total
-------------------------++-------
Melee: Club              ||    29
       Kick              ||     5
       Bite              ||     4
       Headbutt          ||     2
 Cast: Beastly Appendage ||     6
       Sting             ||    27
Armor: Robe              ||    11
Dodge: Dodged            ||    21

Levels and vault maps discovered:
D:1:      onia_arrival_pentagram, layout_rooms,
          hellmonk_ecumenical_altar_inner_sanctum, minmay_pentomino_r2
D:2:      layout_basic, serial_shops, nicolae_shop_stone,
          nicolae_shop_window_shopping, serial_bayou_pond_a, chequers_garden

Notes
Turn   | Place    | Note
-------+----------+-------------------------------------------
     0 | D:1      | spaghetti the Gnoll Wanderer began the quest for the Orb.
     0 | D:1      | spaghetti set off with the following items: a +0 club
                  | {mace}, a potion of heal wounds {@q2}, a +0 robe, a +0 pair
                  | of gloves; and the following spells available to memorise:
                  | Beastly Appendage, Sting, Summon Small Mammal, Ignite
                  | Poison, Summon Guardian Golem
     0 | D:1      | Reached XP level 1. HP: 13/13 MP: 4/4
     0 | D:1      | magus.rc [v1.9.6]
     2 | D:1      | Learned a level 1 spell: Beastly Appendage
   154 | D:1      | Reached XP level 2. HP: 19/19 MP: 5/5
   513 | D:1      | Learned a level 1 spell: Sting
   835 | D:1      | Found a faded altar of an unknown god.
   858 | D:1      | Prayed at the altar of an unknown god.
   858 | D:1      | Became a worshipper of Hepliaklqana the Forgotten
   858 | D:1      | Reached * piety under Hepliaklqana
   964 | D:1      | You pick up a book of Decay and begin reading...
   964 | D:1      | You add the spells Corpse Rot, Dispel Undead and Death
                  | Channel to your library.
   997 | D:1      | Reached XP level 3. HP: 22/22 MP: 7/7
  1349 | D:2      | Found Epuock's Armour Shoppe.
  1394 | D:2      | Slain by a gnoll

Vanquished Creatures
  A dart slug (D:1)
  5 endoplasms
  2 giant cockroaches (D:1)
  4 goblins (D:1)
  3 hobgoblins
  4 ball pythons
  A bat (D:1)
  A kobold (D:1)
  2 rats (D:1)
23 creatures vanquished.

Vanquished Creatures (collateral kills)
  A hobgoblin (D:1)
1 creature vanquished.

Grand Total: 24 creatures vanquished

Table legend:
 A = Non-vault XP
 B = Vault XP
 C = Vault XP percentage of total XP
 D = Non-vault monster count
 E = Vault monster count
 F = Vault count percentage of total count
                 A         B        C        D         E       F
            +---------+---------+-------+---------+---------+-------
      Total |      40 |       3 |   7.0 |      22 |       2 |   8.3
            +---------+---------+-------+---------+---------+-------
        D:1 |      35 |       3 |   7.9 |      19 |       2 |   9.5
        D:2 |       5 |       0 |   0.0 |       3 |       0 |   0.0
            +---------+---------+-------+---------+---------+-------

Illustrated notes

Table legend:
 A = Kills in this place as a percentage of kills in entire the game.
 B = Kills by you in this place as a percentage of kills by you in the entire game.
 C = Kills by friends in this place as a percentage of kills by friends in the entire game.
 D = Other kills in this place as a percentage of other kills in the entire game.
 E = Experience gained in this place as a percentage of experience gained in the entire game.
 F = Experience gained in this place divided by the number of levels of this place that you have seen.
                   A       B       C       D       E      F
               +-------+-------+-------+-------+-------+----------------------
         Total | 100.0 | 100.0 | 100.0 |   N/A | 100.0 |  21.5
       Dungeon | 100.0 | 100.0 | 100.0 |   N/A | 100.0 |  21.5
               +-------+-------+-------+-------+-------+----------------------

Table legend: (Time is in decaauts)
 A = Elapsed time spent in this place.
 B = Non-inter-level travel time spent in this place.
 C = Inter-level travel time spent in this place.
 D = Time resting spent in this place.
 E = Time spent auto-exploring this place.
 F = Levels seen in this place.
 G = Mean time per level.
                   A        B        C        D        E       F      G
               +--------+--------+--------+--------+--------+-----+--------+
         Total |   1402 |   1392 |     10 |    350 |    870 |   2 |  701.0 |
       Dungeon |   1402 |   1392 |     10 |    350 |    870 |   2 |  701.0 |
               +--------+--------+--------+--------+--------+-----+--------+

Top non-repeatable levels by time:
     D:1: 1273 daAuts
     D:2: 128 daAuts
